Map: Eternal Empire LE

Players

liquidthermy (uThermal) - Winner!

  • Race: Terran Terran
  • Spawn Location: 1:00

BratOK (Brat_OK)

  • Race: Terran Terran
  • League: Grandmaster
  • Spawn Location: 7:00

Event: DreamHack SC2 Masters 2020 Summer Europe

VOD

Have the link to the VOD?

Description

Time

  • Played on: June 30, 2020, 1:18 p.m.
  • Length: 9:43

All games in this series

Show
View Real Time Build Order
Export as new Build Order

liquidthermy Terran - Winner!

Build Orders: Reaper Expand 

Get SALT Encoding   

  12  0:01  SCV  
  13  0:13  SCV  
  14  0:17  Supply Depot  
  14  0:25  SCV  
  15  0:39  SCV  
  15  0:41  Barracks  
  16  0:43  Refinery  
  16  0:51  SCV  
  17  1:03  SCV  
  18  1:15  SCV  
  19  1:28  Orbital Command, Reaper  
  20  1:43  Command Center  
  21  1:54  SCV  
  21  1:58  Supply Depot  
  21  2:00  Reaper  
  22  2:03  Refinery  
  22  2:06  SCV  
  23  2:19  SCV  
  23  2:31  SCV  
  23  2:33  Factory  
  23  2:36  Barracks Reactor  
  24  2:43  SCV  
  25  2:55  SCV  
  26  2:59  Orbital Command  
  26  3:03  Command Center  
  26  3:07  SCV  
  27  3:13  Marine x2  
  27  3:16  Factory Tech Lab  
  27  3:19  SCV  
  30  3:23  Starport  
  30  3:31  Marine  
  30  3:32  SCV  
  31  3:39  Cyclone  
  33  3:42  SCV  
  33  3:44  SCV  
  33  3:47  Marine  
  36  3:49  Marine  
  36  3:54  SCV  
  38  3:56  Bunker  
  38  3:58  SCV  
  39  4:03  Viking  
  39  4:07  SCV  
  42  4:10  SCV  
  42  4:13  Refinery  
  42  4:15  Marine  
  42  4:16  Marine  
  45  4:19  SCV  
  45  4:22  Factory Tech Lab  
  45  4:23  SCV  
  47  4:26  Orbital Command  
  46  4:31  SCV  
  46  4:34  Marine  
  46  4:35  Marine  
  49  4:41  SCV  
  49  4:42  Cyclone  
  49  4:43  Raven, SCV  
  56  4:48  Supply Depot  
  56  4:52  Refinery, SCV  
  57  4:53  SCV  
  57  4:55  SCV  
  59  5:01  Marine x2  
  59  5:04  Supply Depot  
  61  5:09  SCV x2  
  61  5:11  Supply Depot  
  61  5:13  SCV  
  64  5:14  Siege Tank  
  66  5:21  SCV x2  
  68  5:30  SCV  
  68  5:31  Marine  
  62  5:38  Raven  
  62  5:40  Orbital Command  
  62  5:41  SCV  
  62  5:42  Engineering Bay  
  65  5:45  Engineering Bay  
  65  5:46  SCV  
  65  5:47  Siege Tank  
  65  5:49  Marine x2  
  70  5:53  SCV  
  70  5:54  Barracks  
  70  5:55  Barracks  
  72  5:58  SCV  
  73  6:05  SCV x2  
  73  6:07  Marine x2  
  73  6:09  Missile Turret  
  73  6:10  SCV  
  78  6:12  Missile Turret x2  
  78  6:16  Supply Depot  
  78  6:17  SCV  
  79  6:20  Siege Tank  
  79  6:22  Terran Infantry Weapons Level 1  
  81  6:26  Terran Infantry Armor Level 1  
  81  6:27  SCV  
  81  6:32  Marine x2, Starport Reactor  
  84  6:34  Supply Depot, SCV  
  84  6:37  SCV  
  84  6:39  SCV  
  87  6:42  Barracks Tech Lab  
  87  6:46  SCV  
  88  6:49  SCV  
  88  6:50  Marine x2  
  88  6:52  Stimpack  
  88  6:53  Marauder  
  93  6:55  Supply Depot  
  93  6:56  Siege Tank, Supply Depot  
  93  6:57  Supply Depot, SCV  
  93  6:58  SCV  
  98  7:05  SCV  
  98  7:08  Supply Depot, Barracks  
  99  7:09  Combat Shield, Marauder, Barracks  
  101  7:15  Refinery  
  101  7:17  Refinery, SCV x2, Medivac  
  101  7:19  Medivac  
  106  7:23  Marauder, Marine x2  
  106  7:25  SCV  
  106  7:28  Siege Tank  
  114  7:32  Supply Depot, Marine  
  114  7:33  SCV x2  
  117  7:39  SCV  
  118  7:44  Marauder  
  118  7:47  Command Center, Medivac  
  118  7:48  SCV  
  118  7:49  Medivac  
  118  7:51  Marauder, Marine  
  127  7:53  Marine  
  127  7:57  Supply Depot, Barracks Reactor, Barracks Tech Lab  
  127  7:58  SCV  
  127  8:02  Siege Tank  
  129  8:05  Supply Depot  
  129  8:06  SCV  
  129  8:10  Marauder, Marine  
  129  8:11  Marine  
  136  8:13  Marauder  
  136  8:16  Armory  
  136  8:17  Medivac  
  136  8:19  Marauder, Medivac  
  142  8:22  Supply Depot  
  142  8:24  Supply Depot  
  142  8:28  Marine  
  142  8:29  Marine  
  142  8:32  Marauder  
  146  8:34  Marine x2  
  146  8:35  Marauder  
  146  8:41  Marauder  
  152  8:46  Marine x2  
  152  8:53  Marauder  
  152  8:55  Medivac  
  152  8:56  Marauder, Medivac  
  152  8:58  SCV  
  152  8:59  Marine  
  152  9:02  Marauder  
  162  9:06  Command Center x2  
  162  9:12  Marine  
  162  9:15  Marauder  
  165  9:20  Marauder, Marine  
  165  9:22  Marine  
Show
View Real Time Build Order
Export as new Build Order

BratOK Terran 

Build Orders: Gas First Reaper Expand, Hellion Banshee, Mech 

Get SALT Encoding   

  12  0:00  SCV  
  13  0:12  SCV  
  14  0:17  Supply Depot  
  14  0:24  SCV  
  15  0:28  Refinery  
  15  0:39  SCV  
  16  0:44  Barracks  
  16  0:51  SCV  
  17  1:03  SCV  
  18  1:15  SCV  
  19  1:32  Orbital Command, Reaper  
  20  1:45  Command Center  
  20  1:56  Factory  
  20  2:00  SCV  
  21  2:07  Barracks Reactor  
  21  2:14  Supply Depot, SCV  
  22  2:19  Refinery  
  22  2:37  SCV  
  23  2:44  Starport  
  23  2:47  Hellion  
  23  2:48  Hellion  
  23  2:49  SCV  
  28  3:00  Orbital Command  
  28  3:09  Hellion  
  30  3:16  SCV  
  31  3:21  Starport Tech Lab  
  31  3:22  Hellion  
  33  3:28  SCV  
  33  3:30  Hellion  
  33  3:31  SCV  
  36  3:41  Banshee, Cloaking Field  
  36  3:44  SCV x2  
  41  3:51  Supply Depot  
  41  3:53  Hellion  
  43  3:57  SCV  
  43  3:59  SCV  
  45  4:09  SCV  
  46  4:15  SCV  
  46  4:16  Supply Depot  
  47  4:24  Banshee  
  47  4:25  Command Center  
  47  4:30  Barracks Tech Lab  
  50  4:32  SCV x2  
  50  4:35  Supply Depot  
  52  4:39  Widow Mine x2  
  56  4:50  Factory  
  56  4:51  SCV x2  
  58  4:58  Barracks Tech Lab  
  58  5:06  SCV x2  
  60  5:08  Refinery  
  60  5:09  Refinery  
  60  5:10  Supply Depot, Banshee  
  60  5:13  Cyclone  
  66  5:15  Mag-Field Accelerator  
  66  5:18  SCV  
  65  5:25  SCV  
  64  5:30  SCV  
  58  5:37  SCV  
  52  5:42  SCV  
  52  5:45  Cyclone  
  52  5:46  Orbital Command  
  52  5:49  SCV  
  57  5:53  Cyclone  
  60  5:58  SCV  
  60  6:02  SCV  
  62  6:05  Factory  
  62  6:10  SCV  
  62  6:11  Refinery  
  63  6:14  SCV  
  63  6:16  SCV  
  63  6:17  Cyclone  
  68  6:19  Refinery  
  68  6:22  SCV  
  69  6:26  SCV  
  69  6:28  Siege Tank, SCV  
  74  6:34  SCV  
  74  6:38  Armory x2, SCV  
  76  6:40  SCV  
  76  6:42  Supply Depot x2  
  76  6:46  SCV  
  78  6:50  SCV  
  78  6:51  Barracks Reactor  
  78  6:52  Siege Tank, SCV, Hellion x2  
  87  6:58  SCV  
  87  6:59  Infernal Pre-Igniter  
  88  7:02  SCV  
  88  7:03  Siege Tank  
  88  7:04  SCV  
  93  7:09  Command Center  
  93  7:10  SCV  
  93  7:14  Supply Depot x2, SCV  
  97  7:16  Hellion, SCV  
  99  7:22  SCV  
  99  7:27  Siege Tank, Terran Vehicle Weapons Level 1, Terran Vehicle And Ship Armor Level 1  
  99  7:29  SCV x2  
  104  7:37  Supply Depot, SCV  
  104  7:40  Supply Depot  
  104  7:41  Viking x2  
  109  7:46  Siege Tank  
  109  7:49  SCV x2  
  114  7:53  SCV  
  113  7:59  Siege Tank, Supply Depot  
  113  8:01  SCV  
  113  8:03  Supply Depot, Hellion x2  
  121  8:06  SCV  
  121  8:07  SCV  
  123  8:13  SCV, Viking x2  
  123  8:18  Siege Tank  
  131  8:23  Orbital Command  
  131  8:27  Barracks Reactor  
  131  8:28  Factory x2  
  131  8:29  SCV x3  
  131  8:31  Hellion  
  136  8:39  Siege Tank  
  136  8:40  Hellion  
  138  8:53  Siege Tank, Hellion, Viking  
  136  9:00  SCV x2  
  136  9:01  Hellion  
  140  9:05  SCV x2  
  142  9:11  Engineering Bay  
  142  9:14  SCV  
  135  9:18  Hellion  
  135  9:23  SCV x2  
  120  9:26  SCV  
Tags
 
Add a new tag
Caveats
  • Supply blocks, unpowered buildings, or Contaminate may cause inaccurate times.
  • Supply counts are checked every 10 seconds.